 Dungeon Crawl Stone Soup version 0.31-a0-692-gf03d1854d5 (webtiles) character file.

Game seed: 3016868837630822903

206 qw the Shooter (level 5, -6/32 HPs)
             Began as a Gargoyle Hunter on Sept 6, 2023.
             Mangled by an ogre
             ... wielding a +0 giant club
              (10 damage)
             ... on level 4 of the Dungeon.
             The game lasted 00:01:02 (2293 turns).

qw the Shooter (Gargoyle Hunter)                    Turns: 2293, Time: 00:01:02

Health: -6/32      AC: 10    Str: 14    XL:     5   Next: 84%
Magic:  5/5        EV: 10    Int: 10    God:
Gold:   213        SH:  0    Dex: 15    Spells: 4/4 levels left

rFire   . . .        Y - +0 shortbow
rCold   . . .        (shield currently unavailable)
rNeg    + . .        b - +0 ring mail
rPois   inf          (no helmet)
rElec   +            a - +0 cloak
rCorr   .            (no gloves)
SInv    .            (no boots)
Will    .....        (no amulet)
Stlth   +            (no ring)
HPRegen 0.25/turn    (no ring)
MPRegen 0.09/turn

%: no passive effects
@: no status effects
A: sickness immunity, AC +4, negative energy resistance 1, electricity
resistance, torment resistance 1, petrification resistance
a: no special abilities


You were on level 4 of the Dungeon.
You visited 1 branch of the dungeon, and saw 4 of its levels.

You collected 213 gold pieces.


Innate Abilities, Weirdness & Mutations

You are immune to sickness and miasma.
Your stone body is resilient. (AC +4)
You are immune to poison.
You resist negative energy. (rN+)
You are resistant to electric shocks. (rElec)
You are resistant to unholy torment.
You are immune to petrification.


   Skills:
 + Level 3.5 Fighting
 - Level 6.2 Ranged Weapons
 - Level 1.0 Armour
 - Level 1.5 Dodging
 - Level 1.1 Stealth


You had 4 spell levels left.
You didn't know any spells.
Your spell library was empty.

Inventory:

Hand Weapons
 Y - a +0 shortbow (weapon)
Armour
 a - a +0 cloak (worn)
 b - a +0 ring mail (worn)
Scrolls
 f - a scroll of identify
Potions
 d - a potion of mutation
 g - a potion of brilliance {unknown}
 h - a potion of might {unknown}

Dungeon Overview and Level Annotations

Branches:
Dungeon (4/15)
 Temple: D:4-7

Altars:

Shops:
D:4 (


Message History

2280 ||| Stepping ~*~*~tactically~*~*~ (retreating).
You shoot an arrow. The arrow hits the hound.
The hound is severely wounded.
The hound bites you but does no damage. The hound bites you.
You shoot an arrow.
The arrow hits the hound but does no damage.
The hound is severely wounded.
The hound barely misses you. The hound bites you but does no damage.
You shoot an arrow. The arrow barely misses the hound.
The hound bites you but does no damage. x2
2284 |||
Found retreat position at 0,1 (floor) with 0 blocking monsters and 1 monsters attacking at destination at distance 1
2284 ||| Stepping ~*~*~tactically~*~*~ (retreating).
You shoot an arrow.
The arrow hits the hound but does no damage.
The hound is severely wounded.
The hound closely misses you. The hound bites you but does no damage.
You shoot an arrow. The arrow hits the hound.
You kill the hound!
You shoot an arrow. The arrow hits the ogre.
The ogre is lightly wounded.
The ogre closely misses you.
You shoot an arrow. The arrow hits the ogre.
The ogre is moderately wounded.
The ogre barely misses you.
You shoot an arrow. The arrow hits the ogre!
The ogre is heavily wounded.
The ogre completely misses you.
You shoot an arrow. The arrow barely misses the ogre.
You shoot an arrow. The arrow hits the ogre.
The ogre is severely wounded.
The ogre hits you but does no damage.
You shoot an arrow. The arrow hits the ogre.
The ogre is almost dead.
The ogre hits you with a +0 giant club!!
Ouch! That really hurt!
You shoot an arrow.
The arrow hits the ogre but does no damage.
The ogre is severely wounded.
The ogre hits you with a +0 giant club!
You die...

#### ....
#.#..###########.#
#......#.........#
.##..###.#.#########
.............#
###.####.#O#.#
#.#@#.# #...#.#
#####.# O# .# ##


You could see an ogre.

Vanquished Creatures
  A scorpion (D:4)
  A hound (D:4)
  2 adders (D:3)
  An ufetubus (D:4)
  4 worms
  2 dart slugs
  An orc (D:3)
  10 ball pythons
  4 endoplasms
  5 giant cockroaches
  6 goblins
  9 hobgoblins
  6 jackals (D:1)
  2 quokkas
  9 bats
  3 frilled lizards
  2 kobolds (D:2)
  2 rats (D:1)
70 creatures vanquished.

Notes
Turn   | Place    | Note
-------+----------+-------------------------------------------
     0 | D:1      | qw the Gargoyle Hunter began the quest for the Orb.
     0 | D:1      | Reached XP level 1. HP: 12/12 MP: 1/1
     0 | D:1      | 0 ||| qw: Version: 0.3-a-76-g4403597
     0 | D:1      | 0 ||| qw: Game counter: 150
     0 | D:1      | 0 ||| qw: Melee chars always use a shield: true
     0 | D:1      | 0 ||| qw: God list: Okawaru
     0 | D:1      | 0 ||| qw: Allow faded altars: false
     0 | D:1      | 0 ||| qw: Do Orc after clearing Dungeon:15 true
     0 | D:1      | 0 ||| qw: Do second Lair branch before Depths: true
     0 | D:1      | 0 ||| qw: Lair rune preference: random
     0 | D:1      | 0 ||| qw: Goals: Normal
     0 | D:1      | 0 ||| PLANNING D:1-11
    67 | D:1      | 67 ||| DROPPING scroll of butterflies.
   142 | D:1      | Reached XP level 2. HP: 17/17 MP: 2/2
   271 | D:1      | 271 ||| UPGRADING to +0 ring mail.
   299 | D:1      | 299 ||| DROPPING +0 leather armour.
   361 | D:1      | Reached skill level 1 in Armour
   361 | D:1      | Reached XP level 3. HP: 21/21 MP: 3/3
   642 | D:1      | 642 ||| DROPPING ring of flight.
   643 | D:1      | 643 ||| READING 2 scrolls labelled EHOYZI ERCH.
   644 | D:1      | 644 ||| READING scroll labelled TAASTE OGEGIHO.
   645 | D:1      | 645 ||| READING scroll labelled VUISKY VETYWK.
   646 | D:1      | 646 ||| READING scroll labelled PANOED TOPSOYBB.
   649 | D:1      | 649 ||| READING scroll labelled YTUOQI YRCHOAN.
   650 | D:1      | 650 ||| DROPPING scroll of blinking.
   828 | D:2      | Reached skill level 5 in Ranged Weapons
   867 | D:2      | Identified the +11 plate armour of Vehumet's Pride {Int+3}
  1445 | D:2      | 1445 ||| UPGRADING to +0 cloak.
  1450 | D:2      | 1450 ||| READING scroll labelled TESIRI CAYXIPS.
  1451 | D:2      | 1451 ||| READING 2 scrolls of identify.
  1451 | D:2      | 1451 ||| IDENTIFYING purple potion
  1473 | D:3      | Reached XP level 4. HP: 27/27 MP: 4/4
  1488 | D:3      | Reached skill level 3 in Fighting
  2192 | D:3      | 2192 ||| READING 2 scrolls of identify.
  2192 | D:3      | 2192 ||| IDENTIFYING sedimented black potion
  2216 | D:4      | Found Piudgh's Antique Weapon Boutique.
  2231 | D:4      | Noticed a scorpion
  2253 | D:4      | HP: 6/28 [scorpion (5)]
  2254 | D:4      | 2254 ||| READING scroll of teleportation.
  2255 | D:4      | 2255 ||| DRINKING potion of heal wounds.
  2257 | D:4      | Killed a scorpion
  2258 | D:4      | Reached skill level 6 in Ranged Weapons
  2258 | D:4      | Reached XP level 5. HP: 32/32 MP: 5/5
  2279 | D:4      | Noticed an ogre
  2280 | D:4      | 2280 ||| Stepping ~*~*~tactically~*~*~ (retreating).
  2284 | D:4      | 2284 ||| Stepping ~*~*~tactically~*~*~ (retreating).
  2292 | D:4      | HP: 4/32 [ogre/+0 giant club (24)]
  2293 | D:4      | Mangled by an ogre

Levels and vault maps discovered:
D:1:      spicycebolla_green_bress_n_ham_2, layout_basic, serial_glass,
          glass_columns_a, glass_columns_a, glass_columns_a, glass_columns_a,
          glass_columns_b, glass_columns_c, glass_columns_a, glass_columns_a,
          glass_columns_a, glass_columns_b, glass_columns_a, glass_columns_a,
          glass_columns_b, glass_columns_b, item_on_display_a,
          due_unseen_surprise, columned_hall_lemuel
D:2:      minmay_general_purpose_star, layout_loops_cross, corexii_corridor_pit,
          serial_bayou_crossing
D:3:      layout_basic
D:4:      layout_basic, amethyst_overflow_temple_binary, nicolae_stop_n_shop_1

Skill      XL: |  1  2  3  4 |
---------------+-------------+-----
Armour         | 1 |  1.0
Ranged Weapons | 5 6 |  6.2
Fighting       | 3 |  3.5
Dodging        | |  1.5
Stealth        | |  1.1

Action                     |  1- 3 |  4- 6 || total
---------------------------+-------+-------++-------
   Fire: Shortbow          |   129 |   127 ||   256
    Use: Scroll            |     7 |     2 ||     9
         Potion            |       |     1 ||     1
 Armour: Leather armour    |     8 |       ||     8
         Ring mail         |    20 |    77 ||    97
         Skin              |     1 |       ||     1
  Dodge: Dodged            |    39 |    39 ||    78

Table legend:
 A = Non-vault XP
 B = Vault XP
 C = Vault XP percentage of total XP
 D = Non-vault monster count
 E = Vault monster count
 F = Vault count percentage of total count
                 A         B        C        D         E       F
            +---------+---------+-------+---------+---------+-------
      Total |     292 |       3 |   1.0 |      68 |       2 |   2.9
            +---------+---------+-------+---------+---------+-------
        D:1 |      46 |       0 |   0.0 |      25 |       0 |   0.0
        D:2 |      32 |       3 |   8.6 |      18 |       2 |  10.0
        D:3 |      70 |       0 |   0.0 |      19 |       0 |   0.0
        D:4 |     144 |       0 |   0.0 |       6 |       0 |   0.0
            +---------+---------+-------+---------+---------+-------
